 Dungeon Crawl Stone Soup version 0.26-b1-32-g5d43845318 (webtiles) character file.

Game seed: 8547972119309690637

48 DildoBatman the Conjurer (level 4, -1/30 HPs)
             Began as a Formicid Conjurer on Jan 5, 2021.
             Slain by an adder (3 damage)
             ... on level 2 of the Dungeon.
             The game lasted 00:03:02 (1533 turns).

DildoBatman the Conjurer (Formicid Conjurer)        Turns: 1533, Time: 00:03:02

Health: -1/30      AC:  4    Str: 12    XL:     4   Next: 0%
Magic:  8/8        EV: 12    Int: 18    God:
Gold:   105        SH:  0    Dex:  9    Spells: 6/9 levels left

rFire    . . .     SeeInvis +   i - +0 dagger
rCold    . . .     Faith    .   (no shield)
rNeg     + . .     Spirit   .   a - +0 robe
rPois    .         Reflect  .   (helmet unavailable)
rElec    .         Harm     .   (no cloak)
rCorr    .         Rampage  .   m - +0 pair of gloves
Will     .....                  k - +0 pair of boots
Stlth    ++........             l - amulet of inaccuracy (curse)
HPRegen  0.10/turn              g - ring of positive energy
MPRegen  0.11/turn              (no ring)

@: no status effects
A: permanent stasis, dig shafts and tunnels, four strong arms, antennae 3
a: Dig, Shaft Self


You were on level 2 of the Dungeon.
You visited 1 branch of the dungeon, and saw 2 of its levels.

You collected 105 gold pieces.

Inventory:

Hand Weapons
 i - a +0 dagger (weapon)
Missiles
 b - 84 stones
 n - 10 poisoned darts
 o - 28 bolts
Armour
 a - a +0 robe (worn)
 k - a +0 pair of boots (worn)
 m - a +0 pair of gloves (worn)
Jewellery
 g - a ring of positive energy (left hand)
 l - a cursed amulet of inaccuracy (around neck)
Scrolls
 c - 3 scrolls of identify {unknown}
 d - a scroll of blinking {unknown}
 e - a scroll of enchant weapon {unknown}
 f - a scroll of noise {unknown}
 h - 3 scrolls of teleportation {unknown}
 j - a scroll of fear {unknown}


   Skills:
 - Level 1.7 Dodging
 - Level 2.4 Stealth
 - Level 3.0 Spellcasting
 * Level 4.4 Conjurations


You had 6 spell levels left.
You knew the following spells:

 Your Spells              Type           Power        Failure   Level
a - Searing Ray           Conj           36%          4%          2
c - Magic Dart            Conj           72%          2%          1

Your spell library contained the following spells:

 Spells                   Type           Power        Failure   Level
 Dazzling Flash           Conj/Hex       20%          21%         3
 Fulminant Prism          Conj/Hex       5%           54%         4
 Iskenderun's Mystic Bla  Conj/Tloc      10%          54%         4


Dungeon Overview and Level Annotations

Branches:
Dungeon (2/15)

Altars:


Innate Abilities, Weirdness & Mutations

You cannot be hasted, slowed, berserked, paralysed or teleported.
You can dig through walls and to a lower floor.
Your four strong arms can wield two-handed weapons with a shield.
You have a pair of large antennae on your head. (SInv)


Message History

The kobold hits you with a +0 dagger. What are your orders? t - Shout!
Orders for allies: a - Attack new target. r - Retreat! s - Stop attacking. g - Guard the area. f - Follow me.
Anything else - Cancel.
You shout for attention!
The adder bites you. The kobold closely misses you.
The adder bites you but does no damage. What are your orders? t - Shout!
Orders for allies: a - Attack new target. r - Retreat! s - Stop attacking. g - Guard the area. f - Follow me.
Anything else - Cancel.
You shout for attention!
The adder bites you.
You die...

.... .... .... .#.. { .#.#
{ .#.# # .. .#.###.# ...
...#.).#{....##### .......+
......K@######.# .†.#.###
........S......#{ ##.#.#
..........#####.
#.#.###........#.#...####
##'#.......[...##.........
...........#### #..<#.#####
...[........#####...?......
...............>....#.#####
...........####.....#...


You could see an adder and a kobold.

Vanquished Creatures
  An adder (D:2)
  2 dart slugs
  A leopard gecko (D:1)
  3 bats
  5 giant cockroaches
  6 goblins
  A hobgoblin (D:2)
  4 kobolds
  2 quokkas (D:2)
  3 frilled lizards
  3 rats (D:1)
31 creatures vanquished.

Notes
Turn   | Place    | Note
-------+----------+-------------------------------------------
     0 | D:1      | DildoBatman the Formicid Conjurer began the quest for the
                  | Orb.
     0 | D:1      | Reached XP level 1. HP: 13/13 MP: 3/3
   213 | D:1      | Reached XP level 2. HP: 19/19 MP: 1/5
   259 | D:1      | Learned a level 2 spell: Searing Ray
   649 | D:1      | Reached skill level 4 in Conjurations
   759 | D:1      | Reached XP level 3. HP: 22/24 MP: 2/7
  1497 | D:2      | Reached XP level 4. HP: 30/30 MP: 5/8
  1533 | D:2      | Slain by an adder

Illustrated notes

Levels and vault maps discovered:
D:1:      sevenhm_arrival_forest_fort_large_4, layout_basic
D:2:      layout_basic

Skill      XL: |  1  2  3 |
---------------+----------+-----
Conjurations   | 4 |  4.4
Spellcasting   | 3 |  3.0
Dodging        | |  1.7
Stealth        | |  2.4

Action                   |  1- 3 |  4- 6 || total
-------------------------+-------+-------++-------
Melee: Unarmed           |     3 |       ||     3
       Dagger            |     4 |       ||     4
 Cast: Magic Dart        |    62 |       ||    62
       Searing Ray       |     1 |       ||     1
Armor: Robe              |     6 |    11 ||    17
Dodge: Dodged            |     8 |    25 ||    33
